[Event "Titled Tuesday Blitz December 27 Early 2022"]
[White "Bogaudinov, Rushan"]
[Black "Slade, Theodore"]
[WhiteFideId "4129288"]
[BlackFideId "426547"]
[WhiteElo "1939"]
[BlackElo "1995"]
[Result "1/2-1/2"]
[Round "10"]
[TimeControl "180+2"]
[Date "2022.12.27"]
[WhiteClock "0:00:17"]
[BlackClock "0:00:04"]

1. d4 d5 2. Nf3 Nf6 3. g3 c5 4. Bg2 cxd4 5. Nxd4 e5 6. Nf3 Nc6 7. c4 dxc4 8. Qxd8+ Kxd8 9. Nbd2 Bb4 10. O-O c3 11. Nc4 Ke7 12. bxc3 Bxc3 13. Ba3+ Bb4 14. Nfxe5 Bxa3 15. Nxc6+ bxc6 16. Nxa3 Bd7 17. Rac1 Rac8 18. Rc5 Kd6 19. Rfc1 Rhe8 20. e3 Ne4 21. Ra5 f5 22. Nc4+ Ke7 23. Rxa7 Ra8 24. Rc7 Kd8 25. Rb7 Rxa2 26. Rd1 Nc5 27. Rbxd7+ Nxd7 28. Nb6 Kc7 29. Nxd7 Rd8 30. Bxc6 Kxc6 31. Ne5+ Kc7 32. Rc1+ Kb6 33. Nf3 Rda8 34. Kg2 Rb2 35. Nd4 g6 36. Rc6+ Kb7 37. Rc1 Raa2 38. Rf1 Kc7 39. h4 Kd6 40. Nf3 Ke7 41. Ng5 h6 42. Nf3 Kf6 43. Nd4 g5 44. hxg5+ hxg5 45. Nf3 Re2 46. Kg1 Reb2 47. Nd4 Ra3 48. Rc1 Raa2 49. Rf1 Ke5 50. Nf3+ Kf6 51. Nd4 1/2-1/2


[Site "https://www.chess.com"]

[Event "Titled Tuesday Blitz December 27 Early 2022"]
[White "Borrmann, Laurenz"]
[Black "Skvortsov, Andrei"]
[WhiteFideId "312187930"]
[BlackFideId "24108600"]
[WhiteElo "2304"]
[BlackElo "2313"]
[Result "0-1"]
[Round "10"]
[TimeControl "180+2"]
[Date "2022.12.27"]
[WhiteClock "0:00:16"]
[BlackClock "0:01:56"]

1. d4 Nf6 2. c4 c5 3. d5 b5 4. cxb5 a6 5. bxa6 g6 6. Nc3 Bg7 7. Nf3 O-O 8. a7 Rxa7 9. e4 Ba6 10. Bxa6 Nxa6 11. O-O d6 12. a4 Nb4 13. Ra3 Qa8 14. Qe2 Nd7 15. Bg5 Re8 16. Rfa1 Ra5 17. Qd1 Qb7 18. Nd2 Nb6 19. Be3 Rea8 20. Nb3 R5a6 21. Bxc5 dxc5 22. Nxc5 Qc8 23. Nxa6 Rxa6 24. Qb3 Qc5 25. a5 Nc4 26. Ra4 Nd3 27. Qb8+ Bf8 28. Qb5 Qxf2+ 29. Kh1 Ne1 0-1


[Site "https://www.chess.com"]

[Event "Titled Tuesday Blitz December 27 Early 2022"]
[White "Bortnyk, Olexandr"]
[Black "Avila Pavas, Santiago"]
[WhiteFideId "14120828"]
[BlackFideId "4437128"]
[WhiteElo "2605"]
[BlackElo "2522"]
[Result "1-0"]
[Round "10"]
[TimeControl "180+2"]
[Date "2022.12.27"]
[WhiteClock "0:01:12"]
[BlackClock "0:00:14"]

1. d4 Nf6 2. Nc3 d5 3. Bf4 a6 4. e3 b5 5. Nf3 e6 6. Ne5 Bb7 7. g4 c5 8. Qf3 Nbd7 9. Nxf7 Kxf7 10. g5 Qb6 11. gxf6 Nxf6 12. Be5 Bd6 13. Rg1 Raf8 14. Qg3 Bxe5 15. dxe5 Ne8 16. O-O-O Kg8 17. Bh3 g6 18. Ne2 Ng7 19. Nf4 Bc8 20. Kb1 Qc7 21. Qg5 Qf7 22. Nd3 Qc7 23. f4 Nf5 24. Bxf5 Rxf5 25. Qh4 Kf7 26. e4 dxe4 27. Nf2 Qe7 28. Qg3 Bb7 29. Ng4 Kg7 30. Nf6 Rd8 31. Rxd8 Qxd8 32. Nxh7 Qe8 33. Nf6 Qf7 34. Qh4 e3 35. Qh7+ Kf8 36. Qh8+ Ke7 37. Qb8 Bf3 38. Qd6# 1-0


[Site "https://www.chess.com"]

[Event "Titled Tuesday Blitz December 27 Early 2022"]
[White "Bryakin, Mikhail"]
[Black "Demin, Vladimir"]
[WhiteFideId "4165314"]
[BlackFideId "4167457"]
[WhiteElo "2455"]
[BlackElo "2430"]
[Result "1-0"]
[Round "10"]
[TimeControl "180+2"]
[Date "2022.12.27"]
[WhiteClock "0:02:48"]
[BlackClock "0:02:29"]

1. e4 Nf6 2. e5 Nd5 3. d4 d6 4. c4 Nb6 5. f4 dxe5 6. fxe5 Bf5 7. Be3 e6 8. Nc3 Bb4 9. a3 Bxc3+ 10. bxc3 c5 11. Nf3 Nc6 12. Bd3 Bxd3 13. Qxd3 Na5 14. Nd2 Rc8 15. Ne4 O-O 16. Bg5 Qd7 17. Nf6+ gxf6 18. Bxf6 1-0


[Site "https://www.chess.com"]

[Event "Titled Tuesday Blitz December 27 Early 2022"]
[White "Clawitter, Craig"]
[Black "Mitrovic, Darko R"]
[WhiteFideId "2023105"]
[BlackFideId "927023"]
[WhiteElo "2050"]
[BlackElo "2220"]
[Result "1-0"]
[Round "10"]
[TimeControl "180+2"]
[Date "2022.12.27"]
[WhiteClock "0:00:09"]
[BlackClock "0:00:06"]

1. e4 e6 2. d4 d5 3. e5 c5 4. c3 Bd7 5. Nf3 Qb6 6. Bd3 Bb5 7. dxc5 Bxc5 8. b4 Bf8 9. O-O Bxd3 10. Qxd3 Ne7 11. Be3 Qc7 12. Na3 Ng6 13. Nb5 Qd7 14. c4 Bxb4 15. cxd5 exd5 16. Qxd5 O-O 17. Rfd1 Qxd5 18. Rxd5 Nc6 19. Rb1 Rad8 20. Rxd8 Rxd8 21. Nxa7 Nxa7 22. Bxa7 Bc3 23. g3 Nxe5 24. Nxe5 Bxe5 25. Rxb7 h5 26. h4 Rd2 27. a4 Ra2 28. Rb5 Rxa4 29. Rxe5 Rxa7 30. Rxh5 g6 31. Rd5 Kg7 32. Kg2 Ra3 33. h5 gxh5 34. Rxh5 Ra4 35. Rh4 Ra3 36. Rb4 Ra5 37. Rb6 Ra4 38. f4 Ra5 39. Kf3 Rc5 40. Kg4 Ra5 41. f5 Ra3 42. Kf4 Rc3 43. g4 Ra3 44. Kg5 Ra4 45. Rb7 Ra5 46. Kf4 1-0


[Site "https://www.chess.com"]

[Event "Titled Tuesday Blitz December 27 Early 2022"]
[White "Costachi, Mihnea"]
[Black "Oparin, Grigoriy"]
[WhiteFideId "1217518"]
[BlackFideId "24125890"]
[WhiteElo "2476"]
[BlackElo "2667"]
[Result "0-1"]
[Round "10"]
[TimeControl "180+2"]
[Date "2022.12.27"]
[WhiteClock "0:00:10"]
[BlackClock "0:00:24"]

1. d4 Nf6 2. Nf3 e6 3. c4 d5 4. Nc3 Nbd7 5. cxd5 exd5 6. Bg5 h6 7. Bh4 c6 8. e3 Be7 9. Bd3 O-O 10. Qc2 Re8 11. h3 a5 12. O-O Ne4 13. Bxe7 Qxe7 14. Nd2 Nxd2 15. Qxd2 Nf6 16. Na4 Be6 17. Nc5 Reb8 18. Rfc1 Ne8 19. a3 Nd6 20. b4 axb4 21. axb4 Bc8 22. b5 cxb5 23. Qb2 b6 24. Nb3 Nc4 25. Qc3 b4 26. Qc2 Be6 27. e4 Rxa1 28. Rxa1 Na3 29. Qe2 Qg5 30. h4 Qxh4 31. exd5 Bxd5 32. Qe5 Rd8 33. Nd2 Qg5 34. Qxg5 hxg5 35. Kf1 Be6 36. Nf3 g4 37. Ne5 Rxd4 38. Ke2 Rd6 39. f4 gxf3+ 40. Nxf3 Bg4 41. Ra2 Bxf3+ 42. gxf3 g5 43. Rb2 Rd4 44. Ke3 Rf4 45. Be4 Nc4+ 46. Kd4 Nxb2 47. Ke5 f6+ 48. Ke6 b3 49. Bd5 Nd3 50. Bxb3 Nc5+ 0-1


[Site "https://www.chess.com"]

[Event "Titled Tuesday Blitz December 27 Early 2022"]
[White "Cruz, William Ferreira Da"]
[Black "Sanchez, Robert"]
[WhiteFideId "2118050"]
[BlackFideId "2034360"]
[WhiteElo "2216"]
[BlackElo "1966"]
[Result "1-0"]
[Round "10"]
[TimeControl "180+2"]
[Date "2022.12.27"]
[WhiteClock "0:01:50"]
[BlackClock "0:01:38"]

1. d4 d5 2. c4 c6 3. Nc3 Nf6 4. cxd5 cxd5 5. Bg5 Nc6 6. e3 e6 7. Bd3 Be7 8. Nge2 O-O 9. O-O h6 10. Bh4 Bd7 11. Rc1 Qb6 12. Na4 Qa5 13. b3 Nb4 14. Nc5 Nxd3 15. Qxd3 Bb5 16. Qc2 Rac8 17. Qb2 b6 18. b4 Bxe2 19. bxa5 Bxf1 20. Kxf1 bxc5 21. dxc5 g5 22. Bg3 Ne4 23. c6 Nd6 24. Bxd6 Bxd6 25. Qb7 Rc7 26. Qb5 Rfc8 27. a6 Kf8 28. h4 Ke7 29. Ke2 f6 30. Qd3 Rxc6 31. Qh7+ Ke8 32. Rxc6 Rxc6 33. Qxa7 gxh4 34. Qb7 Rc7 35. Qxc7 Bxc7 36. a7 1-0


[Site "https://www.chess.com"]

[Event "Titled Tuesday Blitz December 27 Early 2022"]
[White "De Souza, Cristiano Gomes"]
[Black "Vargas Pereda, Jesus Manue"]
[WhiteFideId "2151758"]
[BlackFideId "5115710"]
[WhiteElo "2018"]
[BlackElo "1851"]
[Result "1-0"]
[Round "10"]
[TimeControl "180+2"]
[Date "2022.12.27"]
[WhiteClock "0:01:21"]
[BlackClock "0:00:21"]

1. d4 Nf6 2. c4 e6 3. Nf3 c5 4. d5 exd5 5. cxd5 d6 6. Nc3 g6 7. h3 Bg7 8. e4 O-O 9. Bd3 b5 10. Nxb5 Nxe4 11. O-O Nf6 12. Bf4 Ne8 13. Nc3 Nd7 14. Re1 Ndf6 15. a4 Bb7 16. Bc4 a5 17. Nb5 Ba6 18. Ra3 Bxb5 19. axb5 Qb6 20. Bd2 Nc7 21. Qa1 Ncxd5 22. Bxa5 Qb7 23. Bd2 Rxa3 24. bxa3 Ne4 25. Qa2 Nxd2 26. Qxd2 Nc3 27. Qxd6 Nxb5 28. Qxc5 Nc3 29. Re7 Qb1+ 30. Kh2 Qc2 31. Ng5 Qb2 32. Rxf7 Rxf7 33. Bxf7+ Kh8 34. Qc8+ Bf8 35. Qxf8# 1-0


[Site "https://www.chess.com"]

[Event "Titled Tuesday Blitz December 27 Early 2022"]
[White "Delorme, Alban"]
[Black "Kazancev, Valerij M"]
[WhiteFideId "623636"]
[BlackFideId "4179609"]
[WhiteElo "2298"]
[BlackElo "2313"]
[Result "0-1"]
[Round "10"]
[TimeControl "180+2"]
[Date "2022.12.27"]
[WhiteClock "0:00:21"]
[BlackClock "0:00:44"]

1. e4 c5 2. Nf3 d6 3. d4 cxd4 4. Nxd4 Nf6 5. Nc3 a6 6. Bg5 e6 7. f4 b5 8. e5 dxe5 9. fxe5 Qc7 10. exf6 Qe5+ 11. Be2 Qxg5 12. O-O Ra7 13. Ne4 Qe5 14. Bf3 Rd7 15. c3 gxf6 16. Qc2 f5 17. Rae1 fxe4 18. Rxe4 Qc5 19. Kh1 Bb7 20. Nxe6 fxe6 21. Rxe6+ Kd8 22. Bxb7 Rxb7 23. Qe4 Re7 24. Rd1+ Kc8 25. b4 Qh5 26. Rc6+ Rc7 27. Qe6+ Kb7 28. Rb6+ Ka7 29. Rd8 Be7 0-1


[Site "https://www.chess.com"]

[Event "Titled Tuesday Blitz December 27 Early 2022"]
[White "Devaev, Alexander"]
[Black "Ezat, Mohamed"]
[WhiteFideId "4169395"]
[BlackFideId "10600906"]
[WhiteElo "2325"]
[BlackElo "2402"]
[Result "1-0"]
[Round "10"]
[TimeControl "180+2"]
[Date "2022.12.27"]
[WhiteClock "0:00:26"]
[BlackClock "0:00:18"]

1. Nf3 Nf6 2. c4 g6 3. d4 Bg7 4. Nc3 d6 5. e4 O-O 6. h3 c5 7. d5 e6 8. Bd3 exd5 9. cxd5 b5 10. Nxb5 Nxe4 11. Bxe4 Re8 12. Ng5 Ba6 13. a4 Bxb5 14. axb5 Bf6 15. Ne6 fxe6 16. dxe6 Nd7 17. O-O Nb6 18. Bxa8 Qxa8 19. Qxd6 Qb7 20. Re1 Bd4 21. Qc6 Qe7 22. Be3 Bxe3 23. Rxe3 Rc8 24. Qe4 c4 25. Rae1 Rc5 26. Rf3 Nd5 27. Rf7 Qg5 28. h4 Qd2 29. e7 Nxe7 30. Qxe7 Qxe1+ 31. Qxe1 Kxf7 32. Qa5 1-0


[Site "https://www.chess.com"]

[Event "Titled Tuesday Blitz December 27 Early 2022"]
[White "Dias, Joao Batista"]
[Black "Hartikainen, Jarmo"]
[WhiteFideId "2108240"]
[BlackFideId "503134"]
[WhiteElo "1796"]
[BlackElo "2108"]
[Result "0-1"]
[Round "10"]
[TimeControl "180+2"]
[Date "2022.12.27"]
[WhiteClock "0:01:43"]
[BlackClock "0:00:36"]

1. e4 c5 2. Nf3 e6 3. d4 cxd4 4. Nxd4 Nf6 5. Nc3 d6 6. Be3 Be7 7. Qd2 a6 8. f3 Nbd7 9. O-O-O Qc7 10. Kb1 b5 11. g4 Ne5 12. h4 Nc4 13. Bxc4 bxc4 14. h5 Rb8 15. Ka1 Qb7 16. Rb1 h6 17. g5 hxg5 18. Bxg5 Bd7 19. h6 gxh6 20. Rxh6 Rxh6 21. Bxh6 Kd8 22. Bg5 Kc7 23. Qe2 Qb4 24. e5 Ng8 25. Bxe7 Nxe7 26. exd6+ Qxd6 27. Rd1 Qc5 28. Qe5+ Qxe5 0-1


[Site "https://www.chess.com"]

[Event "Titled Tuesday Blitz December 27 Early 2022"]
[White "Estrada Nieto, Julian"]
[Black "Guha, Eshan"]
[WhiteFideId "5101018"]
[BlackFideId "30958628"]
[WhiteElo "2215"]
[BlackElo "2071"]
[Result "0-1"]
[Round "10"]
[TimeControl "180+2"]
[Date "2022.12.27"]
[WhiteClock "0:00:02"]
[BlackClock "0:00:18"]

1. e4 c6 2. d4 d5 3. Nc3 dxe4 4. Nxe4 Nf6 5. Nxf6+ exf6 6. c3 Bd6 7. Bd3 O-O 8. Ne2 Re8 9. Qc2 h5 10. h3 Nd7 11. O-O Nf8 12. Bd2 h4 13. Rae1 Be6 14. c4 Rc8 15. b3 b5 16. Kh1 Bb8 17. Ng1 Qxd4 18. Nf3 Qd6 19. Be4 bxc4 20. bxc4 Qd7 21. Ng1 Ng6 22. Bc1 Qc7 23. f4 Ne7 24. Bd3 g6 25. Qf2 Nf5 26. Bxf5 Bxf5 27. Qxh4 Qd6 28. Bb2 Kg7 29. Rxe8 Rxe8 30. Qf2 Re4 31. Ne2 Rxc4 32. Nd4 Be4 33. Rd1 c5 34. Nf5+ Bxf5 35. Rxd6 Bxd6 36. g3 Be4+ 37. Kg1 Rc2 38. h4 Rxf2 39. Kxf2 Be7 40. Ke3 Bf5 41. Bc3 Kf8 42. Kf3 Ke8 43. g4 Be6 44. a3 Kd7 45. Ke4 f5+ 46. gxf5 Bxf5+ 47. Kf3 Bxh4 48. Be5 Kc6 49. Ke3 Kb5 50. Kd2 Ka4 51. Bd6 c4 52. Kc3 Bd3 53. Bb4 Bg3 54. Bd6 g5 55. Kd4 Bxf4 56. Bc5 g4 57. Kc3 g3 0-1


[Site "https://www.chess.com"]

[Event "Titled Tuesday Blitz December 27 Early 2022"]
[White "Fabris, Alberto"]
[Black "Dilmukhametov, Artur"]
[WhiteFideId "801348"]
[BlackFideId "24179922"]
[WhiteElo "2230"]
[BlackElo "2276"]
[Result "1-0"]
[Round "10"]
[TimeControl "180+2"]
[Date "2022.12.27"]
[WhiteClock "0:00:28"]
[BlackClock "0:00:01"]

1. d4 Nf6 2. Nf3 g6 3. Nc3 Bg7 4. e4 d6 5. Bg5 Nbd7 6. Qd2 c5 7. d5 Qb6 8. Rb1 h6 9. Bf4 g5 10. Bg3 Ng4 11. Be2 Nge5 12. Nxe5 Nxe5 13. O-O Bd7 14. Bh5 O-O-O 15. Bxe5 Bxe5 16. Bxf7 Rdf8 17. Be6 g4 18. Ne2 h5 19. b4 Qd8 20. bxc5 dxc5 21. Qd3 h4 22. Bxd7+ Qxd7 23. Qb5 Qxb5 24. Rxb5 b6 25. c3 g3 26. Rbb1 gxh2+ 27. Kh1 Rf7 28. f3 Rg8 29. Rf2 Rfg7 30. f4 Bc7 31. Kxh2 Rg4 32. Rbf1 Kd7 33. e5 e6 34. d6 Bd8 35. Ng1 Rg3 36. Ne2 Re3 37. Kh1 h3 38. gxh3 Rxh3+ 39. Rh2 Re3 40. Rg1 Rxg1+ 41. Kxg1 Rd3 42. Kf2 Rd2 43. a4 Ra2 44. Rh7+ 1-0


[Site "https://www.chess.com"]

[Event "Titled Tuesday Blitz December 27 Early 2022"]
[White "Feng, Eric"]
[Black "Samunenkov, Ihor"]
[WhiteFideId "30952590"]
[BlackFideId "14187086"]
[WhiteElo "1951"]
[BlackElo "2501"]
[Result "0-1"]
[Round "10"]
[TimeControl "180+2"]
[Date "2022.12.27"]
[WhiteClock "0:00:24"]
[BlackClock "0:00:46"]

1. d4 Nf6 2. c4 e6 3. Nf3 d5 4. g3 dxc4 5. Bg2 c6 6. O-O b5 7. a4 Bb7 8. Qc2 Na6 9. Nc3 Nb4 10. Qb1 a6 11. Rd1 Be7 12. e4 O-O 13. Bg5 Qc7 14. e5 Nfd5 15. Bxe7 Qxe7 16. Ne4 Nd3 17. Bf1 N5b4 18. Ne1 c5 19. Nd6 Nxe1 20. Rxe1 cxd4 21. axb5 axb5 22. Rxa8 Bxa8 23. Qd1 d3 24. Qd2 Nc2 25. Rc1 Nd4 26. Qb4 Nf3+ 27. Kh1 Nxe5+ 28. Bg2 Bxg2+ 29. Kxg2 Rd8 30. Re1 Qxd6 31. Qxd6 Rxd6 32. Rxe5 d2 33. Rxb5 Rd8 0-1


[Site "https://www.chess.com"]

[Event "Titled Tuesday Blitz December 27 Early 2022"]
[White "Fernandez Siles, Luis"]
[Black "Altman, Joshua"]
[WhiteFideId "2209420"]
[BlackFideId "426210"]
[WhiteElo "2218"]
[BlackElo "2120"]
[Result "1-0"]
[Round "10"]
[TimeControl "180+2"]
[Date "2022.12.27"]
[WhiteClock "0:00:02"]
[BlackClock "0:00:01"]

1. d4 Nf6 2. c4 e6 3. Nf3 b6 4. a3 Bb7 5. Nc3 d5 6. cxd5 Nxd5 7. Qc2 Be7 8. e4 Nxc3 9. bxc3 O-O 10. Bd3 c5 11. O-O Nd7 12. Qe2 Qc7 13. Bd2 Rfd8 14. h4 Rac8 15. h5 Bf8 16. e5 Be7 17. Qe3 Nf8 18. Qf4 h6 19. Qg4 Kh8 20. Qf4 Kg8 21. Qg4 Bxf3 22. gxf3 Kh8 23. Kh1 Nh7 24. Rg1 Rg8 25. Qe4 Nf8 26. Bxh6 f5 27. exf6 Bxf6 28. Be3 Qf7 29. Rg6 Nh7 30. Rag1 Nf8 31. h6 Nxg6 32. Rxg6 gxh6 33. Rxf6 Qg7 34. Rxh6+ Qxh6+ 35. Bxh6 e5 36. Qh7# 1-0


[Site "https://www.chess.com"]

[Event "Titled Tuesday Blitz December 27 Early 2022"]
[White "Firouzja, Alireza"]
[Black "Deac, Bogdan-Daniel"]
[WhiteFideId "12573981"]
[BlackFideId "1226380"]
[WhiteElo "2785"]
[BlackElo "2700"]
[Result "1-0"]
[Round "10"]
[TimeControl "180+2"]
[Date "2022.12.27"]
[WhiteClock "0:00:33"]
[BlackClock "0:00:10"]

1. e4 e5 2. Nf3 Nc6 3. Bb5 a6 4. Ba4 Nf6 5. O-O Be7 6. d3 d6 7. c3 O-O 8. Re1 Re8 9. h3 h6 10. Nbd2 Bf8 11. d4 b5 12. Bc2 Bb7 13. a4 g6 14. d5 Ne7 15. c4 c6 16. b3 b4 17. Nf1 a5 18. Ng3 Rc8 19. Be3 cxd5 20. cxd5 Nexd5 21. exd5 Nxd5 22. Qd2 Nxe3 23. Rxe3 Bg7 24. Rae1 Qc7 25. Be4 Rcd8 26. Rc1 Qb8 27. Bd5 Re7 28. h4 h5 29. Ng5 Bxd5 30. Qxd5 Qb7 31. Rd3 Qxd5 32. Rxd5 f5 33. Rc6 Red7 34. Ne6 Re8 35. Rdxd6 Rxd6 36. Rxd6 e4 37. Nf4 Be5 38. Rxg6+ Kh7 39. Ngxh5 Rd8 40. Re6 Rd1+ 41. Kh2 Bd4 42. g4 1-0


[Site "https://www.chess.com"]

[Event "Titled Tuesday Blitz December 27 Early 2022"]
[White "Flis, Pawel"]
[Black "Koridze, Lile"]
[WhiteFideId "1112864"]
[BlackFideId "13612514"]
[WhiteElo "1879"]
[BlackElo "2191"]
[Result "0-1"]
[Round "10"]
[TimeControl "180+2"]
[Date "2022.12.27"]
[WhiteClock "0:00:01"]
[BlackClock "0:00:36"]

1. e4 c5 2. Nf3 d6 3. d4 cxd4 4. Nxd4 Nf6 5. Nc3 a6 6. a4 Nc6 7. Be2 e5 8. Nf3 Be7 9. Bg5 O-O 10. O-O Be6 11. Bxf6 Bxf6 12. Nd5 Be7 13. Bc4 Rc8 14. Ba2 Kh8 15. c3 Bg5 16. Qd3 Bh6 17. Rad1 f5 18. exf5 Bxf5 19. Qe2 Qe8 20. Nb6 Rd8 21. Bd5 Bg4 22. h3 Bh5 23. g4 Bg6 24. Nh4 Bg5 25. Nxg6+ Qxg6 26. Be4 Qh6 27. Kg2 Ne7 28. Bxb7 Ng6 29. Nd5 Nh4+ 30. Kh1 Rf3 31. Kh2 Bf4+ 32. Nxf4 Qxf4+ 33. Kg1 Rxh3 34. Rfe1 Nf3+ 0-1


[Site "https://www.chess.com"]

[Event "Titled Tuesday Blitz December 27 Early 2022"]
[White "Galchenko, Matvey"]
[Black "Sharifov, Mekhriddin"]
[WhiteFideId "24175480"]
[BlackFideId "14701545"]
[WhiteElo "2438"]
[BlackElo "2209"]
[Result "1-0"]
[Round "10"]
[TimeControl "180+2"]
[Date "2022.12.27"]
[WhiteClock "0:00:12"]
[BlackClock "0:00:18"]

1. f4 g6 2. Nf3 Bg7 3. g3 d5 4. Bg2 c5 5. O-O Nc6 6. d3 Nh6 7. e4 dxe4 8. dxe4 O-O 9. c3 Bg4 10. Qe2 e5 11. h3 Bxf3 12. Qxf3 f5 13. Na3 Kh8 14. Be3 Qe7 15. Rae1 fxe4 16. Qxe4 Nf5 17. Bf2 exf4 18. Qxf4 Be5 19. Qc4 Qc7 20. Qxc5 Bxg3 21. Nb5 Bxf2+ 22. Rxf2 Qg3 23. Ref1 Rfe8 24. Rf3 Qe5 25. Qxe5+ Rxe5 26. c4 Rd8 27. Nc3 Rd4 28. b3 Nb4 29. Rf4 Rd3 30. R4f3 Rd2 31. R1f2 Rxf2 32. Rxf2 Nd3 33. Rd2 Re1+ 34. Kh2 1-0


[Site "https://www.chess.com"]

[Event "Titled Tuesday Blitz December 27 Early 2022"]
[White "Garcia Almaguer, Juan Manuel"]
[Black "Osiecki, Stanislaw"]
[WhiteFideId "5110491"]
[BlackFideId "1102990"]
[WhiteElo "2090"]
[BlackElo "2055"]
[Result "1-0"]
[Round "10"]
[TimeControl "180+2"]
[Date "2022.12.27"]
[WhiteClock "0:00:12"]
[BlackClock "0:00:05"]

1. e4 e6 2. d4 d5 3. e5 c5 4. c3 Nc6 5. Nf3 Qb6 6. Bd3 cxd4 7. cxd4 Nb4 8. O-O Nxd3 9. Qxd3 Bd7 10. Nc3 Bb4 11. a3 Bxc3 12. bxc3 Bb5 13. Qc2 Bxf1 14. Kxf1 Rc8 15. Bd2 Ne7 16. h4 h6 17. g4 O-O 18. Kg2 Nc6 19. Rb1 Qc7 20. Qd3 b6 21. h5 Ne7 22. g5 Nf5 23. gxh6 gxh6 24. Kh3 Qc4 25. Ne1 Qxd3+ 26. Nxd3 Kh7 27. a4 Rc4 28. a5 bxa5 29. Rb7 Ra4 30. Rxa7 Ra2 31. Be1 Kg7 32. Kg4 Rb8 33. Kf3 Rb1 34. Nf4 Rxe1 35. Nxe6+ Kg8 36. Ra8+ Kh7 37. Nd8 Nh4+ 38. Kg4 Ng2 39. Nxf7 Rxf2 40. Ra7 Kg8 41. Nd6 Ne3+ 42. Kg3 1-0


[Site "https://www.chess.com"]

[Event "Titled Tuesday Blitz December 27 Early 2022"]
[White "Gatterer, Florian"]
[Black "Bashirli, Saadat"]
[WhiteFideId "811688"]
[BlackFideId "13429990"]
[WhiteElo "2170"]
[BlackElo "1571"]
[Result "1/2-1/2"]
[Round "10"]
[TimeControl "180+2"]
[Date "2022.12.27"]
[WhiteClock "0:01:30"]
[BlackClock "0:02:14"]

1. Nf3 d5 2. b3 Nf6 3. Bb2 Bg4 4. Ne5 Bf5 5. h3 e6 6. g4 Be4 7. Nf3 Bxf3 8. exf3 Bd6 9. d4 O-O 10. Bd3 Re8 11. O-O e5 12. dxe5 Bxe5 13. Bxe5 Rxe5 14. f4 Re8 15. Nd2 Nbd7 16. Qf3 Nc5 17. Rfe1 Qd6 18. Kf1 c6 19. Rxe8+ Rxe8 20. Re1 1/2-1/2


[Site "https://www.chess.com"]

[Event "Titled Tuesday Blitz December 27 Early 2022"]
[White "Goltseva, Ekaterina"]
[Black "Forgacs, Attila Jr."]
[WhiteFideId "24173770"]
[BlackFideId "773654"]
[WhiteElo "2283"]
[BlackElo "2264"]
[Result "1-0"]
[Round "10"]
[TimeControl "180+2"]
[Date "2022.12.27"]
[WhiteClock "0:00:03"]
[BlackClock "0:00:31"]

1. Nf3 Nf6 2. b3 g6 3. Bb2 Bg7 4. e3 O-O 5. d4 d5 6. c4 dxc4 7. bxc4 c5 8. d5 e6 9. dxe6 Bxe6 10. Qxd8 Rxd8 11. Nbd2 Nc6 12. Be2 Nb4 13. O-O Nd3 14. Bc3 Ne8 15. Bxg7 Kxg7 16. Rfb1 b6 17. Rb3 Ne5 18. Nxe5 Rxd2 19. Bf3 Rad8 20. Ra3 a5 21. Rb3 R8d6 22. h3 Nc7 23. Rab1 Rxa2 24. Rxb6 Rdd2 25. Rb7 Na6 26. R1b6 Bc8 27. Rxf7+ Kh6 28. Rc6 Rd8 29. Ng4+ Kh5 30. Rxh7+ Kg5 31. h4+ Kf5 32. Rf7# 1-0


[Site "https://www.chess.com"]

[Event "Titled Tuesday Blitz December 27 Early 2022"]
[White "Graca, Robert"]
[Black "Zherebtsova, Alexandra"]
[WhiteFideId "644943"]
[BlackFideId "24129518"]
[WhiteElo "2270"]
[BlackElo "2155"]
[Result "1-0"]
[Round "10"]
[TimeControl "180+2"]
[Date "2022.12.27"]
[WhiteClock "0:00:09"]
[BlackClock "0:00:04"]

1. Nf3 d5 2. d4 Nf6 3. c4 e6 4. Bg5 Be7 5. e3 O-O 6. Nc3 h6 7. Bxf6 Bxf6 8. Qc2 b6 9. h4 c5 10. O-O-O cxd4 11. Nxd4 Na6 12. cxd5 Nb4 13. Qb3 Nxd5 14. Nxd5 exd5 15. Be2 Bb7 16. g3 Rc8+ 17. Kb1 Rc5 18. Bf3 Rc4 19. Rd2 Be5 20. Rhd1 Qf6 21. Be2 Rc5 22. Bf1 Rfc8 23. a3 a5 24. Bh3 Rd8 25. Qd3 Ra8 26. Qf5 Qxf5+ 27. Bxf5 g6 28. Bh3 Ba6 29. Nf3 Bf6 30. Bg2 Rd8 31. Ne1 b5 32. Rxd5 Rcxd5 33. Rxd5 Rxd5 34. Bxd5 b4 35. axb4 axb4 36. Kc2 Kf8 37. Kb3 Ke7 38. Nc2 Bd3 39. Nxb4 Bb1 40. f4 Bg7 41. Kc4 Kd6 42. b3 f5 43. Bf7 g5 44. hxg5 hxg5 45. Bg6 gxf4 46. exf4 Bb2 47. g4 Ke6 48. Bxf5+ Bxf5 49. gxf5+ Kxf5 50. Nd3 Bf6 51. Kd5 Bd8 52. b4 Bb6 53. b5 Be3 54. Kc6 Ke4 55. Nc5+ Kf5 56. Nd3 Ke4 57. Nc5+ Kf5 58. b6 Bxf4 59. Na6 Ke6 60. Nc7+ Ke7 61. b7 Bxc7 62. Kxc7 1-0


[Site "https://www.chess.com"]

[Event "Titled Tuesday Blitz December 27 Early 2022"]
[White "Graham, Nathaniel"]
[Black "Qashashvili, Alexandre"]
[WhiteFideId "2007983"]
[BlackFideId "13600842"]
[WhiteElo "2262"]
[BlackElo "2505"]
[Result "1-0"]
[Round "10"]
[TimeControl "180+2"]
[Date "2022.12.27"]
[WhiteClock "0:00:36"]
[BlackClock "0:00:35"]

1. e4 c6 2. d4 d5 3. Nd2 dxe4 4. Nxe4 Nd7 5. Bc4 Ngf6 6. Nxf6+ Nxf6 7. c3 Bg4 8. Qb3 e6 9. Qxb7 Qc8 10. Ba6 Qxb7 11. Bxb7 Rb8 12. Bxc6+ Kd8 13. Bf3 Bxf3 14. Nxf3 Bd6 15. O-O Ke7 16. b3 Rhc8 17. c4 Bb4 18. Bf4 Bd6 19. Bxd6+ Kxd6 20. Rfd1 a5 21. Rab1 Ne4 22. Rd3 Rxc4 23. Re1 Rc3 24. Rxc3 Nxc3 25. Ra1 a4 26. bxa4 Nxa4 27. g3 Rb2 28. a3 f6 29. Kg2 h6 30. h4 Nc3 31. a4 Ne4 32. Ra3 Nxf2 33. a5 Ne4+ 34. Kh3 Nf2+ 35. Kg2 Ne4+ 36. Kh3 Rb7 37. a6 Ra7 38. h5 Kd5 39. Ra5+ Kc6 40. Ra4 Kb5 41. Ra1 Rxa6 42. Rb1+ Kc6 43. Rb8 Ra7 44. Kg4 Kc7 45. Rg8 Kd6 46. Rd8+ Ke7 47. Rg8 Kf7 48. Rb8 Ra3 49. Kf4 Nd6 50. Rd8 Ke7 51. Rg8 Ne8 52. Nh4 Kf7 53. Rh8 Ra4 54. Ng6 Rxd4+ 55. Ke3 Rg4 56. Rf8# 1-0


[Site "https://www.chess.com"]

[Event "Titled Tuesday Blitz December 27 Early 2022"]
[White "Guevara Sanchez, Erick Marvin"]
[Black "Larina, Maria"]
[WhiteFideId "6700136"]
[BlackFideId "24113182"]
[WhiteElo "2073"]
[BlackElo "1948"]
[Result "1-0"]
[Round "10"]
[TimeControl "180+2"]
[Date "2022.12.27"]
[WhiteClock "0:00:17"]
[BlackClock "0:00:11"]

1. e4 c6 2. d4 d5 3. e5 c5 4. dxc5 Nc6 5. Nf3 Bg4 6. Bb5 e6 7. Be3 Qa5+ 8. Nc3 O-O-O 9. Bxc6 bxc6 10. Qd4 Bxf3 11. gxf3 Ne7 12. b4 Qc7 13. b5 Nf5 14. Qa4 d4 15. Bg5 f6 16. bxc6 Bxc5 17. Qa6+ Kb8 18. Ne4 Bb6 19. exf6 gxf6 20. Bxf6 Qxc6 21. Bxh8 Rxh8 22. a4 d3 23. cxd3 Bxf2+ 24. Kxf2 Qxa6 25. Rab1+ Kc7 26. Rhc1+ Kd8 27. Rb8+ Ke7 28. Rc7# 1-0


[Site "https://www.chess.com"]